Map: [ESL] Alcyone

Players

gumiho

  • Race: Terran Terran
  • Spawn Location: 7:00

LiquidClem (Clem) - Winner!

  • Race: Terran Terran
  • League: Grandmaster
  • Spawn Location: 1:00

Event: HomeStory Cup XXV

VOD

Have the link to the VOD?

Description

Time

  • Played on: June 23, 2024, 1:42 p.m.
  • Length: 16:56

All games in this series

Show
View Real Time Build Order
Export as new Build Order

gumiho Terran 

Build Orders: Cyclone Opening 

Get SALT Encoding   

  12  0:00  SCV  
  13  0:12  SCV  
  14  0:17  Supply Depot  
  14  0:24  SCV  
  14  0:27  Refinery  
  15  0:38  SCV  
  16  0:44  Barracks  
  16  0:50  SCV  
  17  1:03  SCV  
  18  1:15  SCV  
  19  1:30  Orbital Command  
  19  1:31  Supply Depot, Marine  
  19  1:32  Factory  
  20  1:49  Reaper  
  21  1:56  SCV  
  22  2:05  Command Center  
  22  2:08  SCV  
  25  2:15  Hellion  
  25  2:20  SCV  
  25  2:21  Refinery  
  26  2:26  Marine  
  27  2:33  SCV  
  26  2:38  Cyclone  
  28  2:45  SCV  
  28  2:46  Marine  
  30  2:54  Starport  
  30  2:57  SCV  
  30  3:00  Supply Depot  
  30  3:04  Barracks Reactor  
  30  3:09  SCV  
  31  3:17  Cyclone  
  30  3:21  SCV  
  31  3:33  SCV  
  29  3:42  Marine x2  
  29  3:43  Medivac  
  29  3:45  SCV  
  34  3:49  Cyclone  
  36  3:57  SCV  
  36  4:00  Marine x2  
  39  4:09  Orbital Command  
  39  4:11  SCV  
  39  4:13  Starport Tech Lab  
  40  4:20  Command Center  
  40  4:21  Factory Tech Lab  
  40  4:26  SCV  
  41  4:32  Raven  
  41  4:34  Interference Matrix  
  41  4:37  SCV  
  44  4:40  Supply Depot  
  44  4:43  Siege Tank  
  46  4:51  SCV x2  
  48  4:56  Supply Depot  
  48  5:02  Marine x2  
  48  5:06  SCV x2  
  52  5:08  Raven  
  52  5:11  Refinery  
  52  5:12  Refinery  
  54  5:18  Supply Depot, SCV  
  54  5:19  SCV  
  54  5:20  Marine x2  
  56  5:30  Siege Tank  
  56  5:32  SCV x2  
  56  5:33  Orbital Command  
  63  5:44  SCV  
  63  5:46  SCV  
  63  5:52  Medivac  
  63  5:55  Supply Depot  
  63  5:56  SCV  
  65  5:58  SCV  
  65  6:01  Orbital Command  
  66  6:04  Siege Tank  
  66  6:08  SCV  
  66  6:10  SCV  
  71  6:21  SCV  
  71  6:22  SCV  
  73  6:27  SCV  
  73  6:29  Viking x2  
  78  6:33  SCV  
  78  6:34  SCV  
  78  6:39  SCV, Barracks x2  
  81  6:45  SCV  
  81  6:46  SCV  
  81  6:51  SCV  
  80  6:57  SCV  
  80  6:58  SCV  
  80  6:59  Siege Tank, Viking x2  
  89  7:03  SCV  
  89  7:05  Marine  
  89  7:07  Stimpack  
  91  7:09  SCV  
  91  7:10  SCV  
  91  7:12  Supply Depot  
  91  7:15  Supply Depot  
  93  7:29  Engineering Bay  
  93  7:30  Engineering Bay  
  93  7:34  SCV x3, Siege Tank  
  97  7:46  SCV x2  
  97  7:50  Viking  
  84  8:02  SCV x3  
  84  8:05  Barracks Reactor x2  
  86  8:06  Siege Tank  
  86  8:08  Terran Infantry Weapons Level 1, Terran Infantry Armor Level 1  
  86  8:10  Factory  
  89  8:14  SCV x2  
  89  8:15  SCV  
  89  8:17  Barracks  
  89  8:18  Barracks  
  90  8:20  Refinery  
  90  8:24  Refinery  
  90  8:26  SCV  
  90  8:27  SCV x2  
  93  8:38  Siege Tank, SCV  
  93  8:39  SCV x2  
  93  8:40  Liberator  
  102  8:45  Supply Depot  
  102  8:47  Supply Depot  
  102  8:48  Marine x3  
  102  8:51  Combat Shield, SCV x3, Marine  
  102  8:54  Factory Tech Lab  
  109  8:57  Armory  
  109  9:01  Missile Turret  
  109  9:02  Missile Turret  
  109  9:05  Barracks Reactor  
  109  9:06  Barracks Reactor  
  109  9:07  SCV x3, Marine  
  109  9:08  Marine x2  
  109  9:09  Marine x2  
  116  9:19  SCV x3  
  100  9:25  Siege Tank  
  100  9:29  Marine x2  
  108  9:31  SCV x3  
  108  9:35  Marine x2  
  110  9:43  SCV x3  
  110  9:45  Siege Tank  
  116  9:49  Command Center  
  116  9:57  Siege Tank  
  119  10:06  Terran Infantry Armor Level 2, Terran Infantry Weapons Level 2  
  116  10:08  Marine x3, Terran Vehicle Weapons Level 1  
  116  10:09  Marine x5  
  116  10:10  Marine  
  125  10:19  SCV x3  
  128  10:22  Missile Turret  
  128  10:24  Missile Turret  
  126  10:29  Marine x4  
  129  10:36  Medivac x2  
  129  10:42  Supply Depot x3  
  133  10:43  SCV x3  
  133  10:44  Siege Tank  
  139  10:56  Siege Tank  
  141  11:01  Marine x2  
  143  11:06  SCV x3, Medivac x2  
  143  11:09  Marine x2  
  152  11:11  Marine x2  
  152  11:12  Marine x2  
  152  11:13  Marine  
  154  11:18  Marine  
  154  11:21  Supply Depot, Sensor Tower  
  152  11:33  Siege Tank x2  
  149  11:45  Marine x8  
  141  11:47  Marine  
  140  12:01  Command Center  
  140  12:03  Marine x7  
  140  12:04  Marine  
  140  12:05  Marine  
  146  12:21  Marine x3  
  145  12:31  Marine x6  
  145  12:32  Siege Tank x2  
  145  12:34  Viking x2  
  161  12:38  Marine  
  161  12:39  Marine  
  161  12:41  Terran Infantry Armor Level 3  
  163  12:45  SCV x3  
  164  12:53  Marine x3  
  164  12:54  Marine x2  
  164  12:57  Marine x2  
  159  13:06  Marine x2  
  159  13:10  Siege Tank  
  159  13:11  Marine x4  
  168  13:16  Marine x2  
  168  13:17  Siege Tank  
  168  13:18  Marine  
  172  13:23  Marine  
  173  13:29  Supply Depot  
  173  13:30  Supply Depot  
  173  13:32  Supply Depot  
  173  13:33  Marine  
  173  13:40  Marine  
  174  13:49  Siege Tank  
  174  13:52  Marine  
  174  13:53  Marine x2  
  174  13:54  Marine x2  
  182  13:58  Marine, Medivac x2  
  182  13:59  Marine  
  182  14:01  Marine x2  
  182  14:02  Siege Tank  
  193  14:10  Marine  
  194  14:19  Planetary Fortress  
  194  14:22  Sensor Tower  
  193  14:42  Command Center  
  193  14:43  Command Center  
  193  14:44  Marine x2  
  193  14:45  Marine x2  
  194  14:46  Marine  
  194  14:50  Marine  
  194  14:52  Marine x2  
  197  14:53  Marine  
  194  15:02  Marine x3  
  194  15:03  Marine  
  194  15:04  Marine  
  181  15:08  Marine  
  181  15:10  Marine  
  163  15:19  Marine x3  
  163  15:20  Siege Tank, Marine x2  
  155  15:21  Marine  
  155  15:22  Marine  
  155  15:25  Marine  
  155  15:27  Marine  
  157  15:30  Medivac x2  
  161  15:37  Marine x3  
  161  15:38  Marine x2  
  161  15:39  Marine  
  165  15:50  Marine  
  161  16:10  Marine x7  
  161  16:11  Marine x2  
  134  16:27  Marine  
  134  16:28  Marine x7  
  134  16:29  Marine  
Show
View Real Time Build Order
Export as new Build Order

LiquidClem Terran - Winner!

Build Orders:  

Get SALT Encoding   

  12  0:00  SCV  
  13  0:12  SCV  
  14  0:17  Supply Depot  
  14  0:24  SCV  
  15  0:38  SCV  
  15  0:40  Barracks  
  16  0:44  Refinery  
  16  0:50  SCV  
  17  1:00  Barracks  
  17  1:04  SCV  
  18  1:10  Refinery  
  18  1:16  SCV  
  19  1:28  Reaper  
  19  1:31  Orbital Command  
  20  1:40  Supply Depot  
  20  1:46  Reaper  
  21  1:57  SCV  
  21  2:00  Reaper  
  23  2:09  SCV  
  23  2:10  Factory  
  24  2:18  Reaper  
  24  2:21  SCV  
  26  2:32  Reaper  
  26  2:33  SCV  
  27  2:45  SCV  
  27  2:50  Reaper  
  29  2:53  Command Center  
  29  3:00  Starport  
  29  3:02  SCV  
  30  3:10  Supply Depot  
  29  3:14  SCV  
  30  3:26  SCV  
  31  3:32  Cyclone  
  31  3:37  Medivac  
  31  3:40  SCV  
  33  3:44  Barracks Reactor  
  33  3:52  SCV  
  33  3:55  Command Center  
  34  4:04  SCV, Factory Tech Lab  
  34  4:08  Liberator  
  38  4:17  Orbital Command  
  38  4:20  SCV  
  38  4:22  Marine  
  38  4:24  Marine  
  41  4:31  Siege Tank  
  44  4:33  SCV  
  45  4:40  Marine  
  45  4:41  Marine  
  45  4:43  SCV  
  45  4:45  SCV  
  49  4:51  Viking  
  51  4:55  Barracks Tech Lab, Supply Depot, SCV  
  51  4:57  SCV  
  53  5:00  Marine  
  53  5:04  Supply Depot  
  57  5:07  Siege Tank  
  57  5:10  SCV x2  
  57  5:13  Orbital Command  
  59  5:16  Marine x2  
  61  5:22  SCV x2, Marine  
  61  5:25  Stimpack  
  64  5:34  SCV, Marine x2  
  67  5:37  Orbital Command, Starport Reactor, Refinery  
  67  5:38  Barracks  
  67  5:39  SCV, Marine  
  69  5:48  SCV  
  69  5:49  Engineering Bay x2  
  70  5:52  Marine  
  70  5:55  Siege Tank, Marine  
  70  5:56  SCV  
  76  5:59  Supply Depot  
  76  6:00  SCV  
  76  6:02  Marine  
  76  6:03  Refinery  
  78  6:07  SCV  
  78  6:10  Marine  
  80  6:11  SCV  
  80  6:14  SCV  
  80  6:15  Barracks  
  80  6:16  Barracks  
  80  6:17  Marine  
  83  6:19  SCV  
  83  6:20  Marine  
  83  6:24  SCV  
  86  6:26  SCV  
  86  6:28  Terran Infantry Weapons Level 1, Terran Infantry Armor Level 1  
  86  6:30  Marine  
  86  6:31  SCV, Barracks Reactor  
  89  6:34  Marine  
  89  6:36  SCV  
  89  6:37  Supply Depot  
  89  6:38  SCV  
  92  6:41  Marine  
  93  6:51  Supply Depot, SCV, Marine  
  93  6:55  Marine  
  93  6:56  Siege Tank  
  93  6:58  SCV x2, Medivac  
  93  6:59  Marine, Medivac  
  100  7:01  Supply Depot  
  100  7:02  Supply Depot  
  100  7:04  SCV  
  101  7:08  Missile Turret  
  101  7:09  Missile Turret, Barracks Reactor x2  
  101  7:13  SCV, Marine x3  
  101  7:14  Marine  
  106  7:19  Combat Shield  
  106  7:22  SCV  
  107  7:24  SCV  
  107  7:25  Supply Depot  
  107  7:26  Armory  
  107  7:27  Marine  
  107  7:29  Refinery x2  
  109  7:34  Siege Tank, Marine  
  109  7:35  Marine  
  111  7:39  Marine x2  
  97  7:45  SCV, Marine  
  97  7:47  Marine x4  
  82  7:52  Marine x2  
  82  7:53  SCV x2  
  82  7:57  SCV, Marine x2  
  83  8:03  Marine  
  83  8:04  Marine  
  83  8:05  SCV x2, Marine  
  86  8:09  SCV  
  86  8:10  Siege Tank  
  90  8:14  Medivac  
  90  8:15  Medivac  
  90  8:17  SCV  
  90  8:19  SCV  
  96  8:20  Marine x2  
  96  8:22  Marine  
  96  8:24  Marine x2  
  96  8:26  SCV  
  102  8:28  Marine x2  
  102  8:30  SCV  
  102  8:31  SCV  
  102  8:33  Terran Infantry Weapons Level 2  
  106  8:37  Marine, Terran Infantry Armor Level 2  
  106  8:39  SCV  
  107  8:41  Supply Depot  
  107  8:45  Siege Tank, SCV  
  111  8:49  SCV  
  111  8:50  Marine  
  111  8:51  Marine  
  111  8:52  Marine  
  111  8:53  Marine  
  111  8:54  Supply Depot, SCV  
  117  8:56  Marine  
  117  8:57  SCV  
  117  9:01  Factory  
  117  9:02  Terran Vehicle Weapons Level 1  
  119  9:03  Marine, Barracks Reactor  
  119  9:05  SCV  
  119  9:06  SCV  
  119  9:09  SCV  
  123  9:12  Medivac  
  124  9:18  Marine x2  
  124  9:21  Siege Tank, Marine x2  
  124  9:22  Marine x2  
  124  9:23  Marine  
  124  9:24  Marine  
  120  9:27  SCV  
  120  9:28  SCV  
  123  9:36  Marine x2  
  123  9:38  Command Center  
  125  9:39  SCV, Marine  
  125  9:40  Marine  
  125  9:43  Marine x2  
  130  9:49  Siege Tank  
  130  9:50  Supply Depot  
  130  9:51  Marine, Medivac x2  
  130  9:52  Marine  
  139  9:59  Sensor Tower  
  139  10:03  Siege Tank  
  134  10:07  Marine, Missile Turret  
  134  10:08  SCV, Marine  
  134  10:12  Marine x3  
  134  10:13  SCV  
  141  10:17  Marine  
  141  10:18  Marine x2  
  144  10:21  Siege Tank  
  144  10:24  Marine x2  
  144  10:25  Marine, Viking  
  144  10:26  Viking  
  154  10:32  Marine x2  
  154  10:33  Marine  
  156  10:35  SCV x2  
  156  10:38  Supply Depot  
  156  10:42  Supply Depot  
  157  10:49  Siege Tank  
  160  10:51  Marine  
  160  10:54  Sensor Tower  
  160  10:55  Viking, Terran Infantry Weapons Level 3  
  160  11:04  SCV x2  
  160  11:06  Siege Tank  
  160  11:07  SCV, Marine  
  160  11:11  Marine  
  164  11:15  Marine x2  
  164  11:16  Refinery  
  164  11:18  Refinery  
  167  11:19  Marine  
  167  11:21  SCV x2, Siege Tank  
  167  11:22  SCV  
  174  11:27  Planetary Fortress  
  174  11:28  Marine  
  174  11:30  Marine  
  175  11:37  Marine  
  175  11:38  Siege Tank  
  175  11:39  Marine  
  166  11:41  Marine  
  166  11:43  Marine  
  136  11:47  Marine  
  136  11:49  Marine x2  
  136  11:51  Marine x2, Viking  
  136  11:53  Siege Tank  
  136  11:54  Viking  
  145  11:56  Marine  
  145  11:58  Command Center  
  145  11:59  Marine x2  
  145  12:00  Marine  
  149  12:01  Starport  
  149  12:04  Missile Turret  
  149  12:09  Starport  
  149  12:10  Siege Tank  
  149  12:11  Terran Infantry Armor Level 3  
  149  12:14  Marine  
  146  12:19  Marine x5  
  148  12:26  Siege Tank, Marine x2  
  148  12:27  Marine x2  
  141  12:31  Viking  
  141  12:32  Marine  
  141  12:33  Viking  
  145  12:37  Marine x2  
  145  12:40  Marine x3  
  145  12:42  Siege Tank  
  153  12:46  Viking  
  153  12:54  Marine  
  153  12:55  Marine  
  153  12:58  Siege Tank  
  153  13:01  Marine  
  153  13:04  Viking  
  147  13:05  Marine  
  147  13:07  Viking, Medivac  
  147  13:11  Marine x2  
  154  13:14  Siege Tank  
  154  13:15  Terran Vehicle Weapons Level 2  
  154  13:16  Marine, Viking  
  158  13:23  Marine x3  
  158  13:25  Marine  
  158  13:26  Marine x3  
  165  13:30  Siege Tank, Unknown  
  165  13:32  Marine x2  
  165  13:33  Liberator  
  173  13:34  Marine  
  174  13:41  Marine x3  
  174  13:42  Liberator  
  174  13:43  Marine x2  
  174  13:46  Siege Tank, Marine x2  
  187  13:55  Sensor Tower  
  185  13:57  Medivac  
  185  13:59  Viking  
  185  14:00  Command Center  
  185  14:02  Siege Tank  
  190  14:08  Planetary Fortress  
  190  14:10  SCV  
  190  14:15  Marine x2  
  193  14:18  Siege Tank  
  193  14:19  Viking  
  193  14:22  Fusion Core  
  198  14:25  Viking  
  200  14:42  Command Center  
  200  14:43  Viking  
  200  14:49  Missile Turret  
  200  14:51  Missile Turret, Sensor Tower  
  200  14:55  Command Center  
  200  14:57  Starport Reactor  
  199  15:13  Liberator  
  194  15:18  Liberator  
  185  15:22  Siege Tank  
  183  15:29  Missile Turret, Sensor Tower  
  183  15:34  Liberator  
  174  15:36  Siege Tank, Marine  
  174  15:37  Marine x4  
  174  15:38  Marine  
  174  15:39  Marine x2  
  184  15:44  Marine  
  184  15:47  Marine  
  186  15:52  Viking  
  186  15:53  Viking  
  186  15:54  Siege Tank, Marine x3  
  186  15:55  Marine x2  
  186  15:56  Viking  
  200  16:07  Orbital Command  
  197  16:13  Siege Tank  
  198  16:22  Medivac  
  198  16:23  Missile Turret, Sensor Tower  
Tags
 
Add a new tag
Caveats
  • Supply blocks, unpowered buildings, or Contaminate may cause inaccurate times.
  • Supply counts are checked every 10 seconds.